AoeStats
← lordmorto

MegaRandom

506675342Analyzed
2v2 RM · 16d ago on Sep 14, 2026· 33m 2s· 4 players
Game mode
Random Map
Map size
Medium (4 player)
Population
200
Speed
Normal
Resources
Standard
Victory
Conquest
Starting age
Dark Age
Ending age
Imperial Age
RankedLock teamsTeams togetherTeam positionsShared explorationLock speedFull tech treeHidden civsTurbo modeCheats
Victory
Defeat
🇹🇼 Huns · Taiwan
1151
+12
🇮🇳 Romans · India
1106
+14
🇵🇹 Vikings · Portugal
1067
-13
🇨🇭 Teutons · Switzerland
1067
-13
bvq
1:21 Loom
11:01 Feudal Age
12:12 Double-Bit Axe
12:29 Town Watch
22:24 Castle Age
29:32 Fletching
lordmorto
10:50 Feudal Age
12:56 Loom
17:19 Scale Barding Armor
23:18 Castle Age
21:19 Double-Bit Axe
21:16 Horse Collar
21:39 Gold Mining
22:39 Bloodlines
26:01 Wheelbarrow
28:06 Forging
27:47 Fletching
29:09 Man-at-Arms
29:35 Gambesons
Shan6666
6:25 Loom
9:46 Feudal Age
10:06 Man-at-Arms
11:47 Scale Mail Armor
13:10 Double-Bit Axe
14:29 Horse Collar
23:36 Castle Age
23:02 Forging
24:18 Long Swordsman
24:59 Squires
25:16 Chain Mail Armor
25:13 Pikeman
curson
8:18 Loom
10:04 Feudal Age
11:40 Double-Bit Axe
13:16 Horse Collar
14:40 Forging
15:21 Scale Barding Armor
24:19 Castle Age
23:29 Bloodlines
27:40 Husbandry
28:05 Chain Barding Armor
31:27 Gold Mining
Connection lost

Rejoining the realm…

Still unreachable

The connection could not be restored.

Session expired

The server has moved on; the page needs a fresh start.